 Dungeon Crawl Stone Soup version 0.25-a0-558-g78a2afb0af (webtiles) character file.

Game seed: 10313203834477054986, levelgen mode: deterministic

6 vurker the Gusty (level 1, -1/7 HPs)
             Began as a Felid Air Elementalist on Feb 24, 2020.
             Slain by a jackal (2 damage)
             ... on level 1 of the Dungeon.
             The game lasted 00:00:35 (236 turns).

vurker the Gusty (Felid Air Elementalist)            Turns: 236, Time: 00:00:36

Health: -1/7       AC:  1    Str:  4    XL:     1   Next: 75%
Magic:  1/4        EV: 18    Int: 16    God:
Gold:   0          SH:  0    Dex: 16    Spells: 3/4 levels left
                                        Lives:  0   Deaths: 0

rFire    . . .     SeeInvis +   (weapon unavailable)
rCold    . . .     Gourm    .   (shield unavailable)
rNeg     . . .     Faith    .   (armour unavailable)
rPois    .         Spirit   .   (helmet unavailable)
rElec    .         Reflect  .   (cloak unavailable)
rCorr    .         Harm     .   (gloves unavailable)
MR       .....                  (boots unavailable)
Stlth    +++.......             (no amulet)
HPRegen  0.02/turn              (no ring)
MPRegen  0.09/turn              (no ring)

@: very slightly contaminated, quick
A: very small, no armour, no weapons or thrown items, stealth, claws 1, fangs 3,
see invisible, carnivore, speed 1, shaggy fur 1, slow metabolism 1, sharp paws
a: no special abilities


You were on level 1 of the Dungeon.
You were not hungry.

You visited 1 branch of the dungeon, and saw 1 of its levels.

Inventory:

Comestibles
 e - a ration


   Skills:
 + Level 0.2 Fighting
 - Level 2.6 Dodging
 - Level 2.6 Stealth
 * Level 2.1 Spellcasting
 + Level 1.0 Conjurations
 * Level 2.8 Air Magic


You had 3 spell levels left.
You knew the following spells:

 Your Spells              Type           Power        Failure   Level  Hunger
a - Shock                 Conj/Air       #...         9%          1    #......

Your spell library contained the following spells:

 Spells                   Type           Power        Failure   Level  Hunger
 Swiftness                Chrm/Air       #.......     17%         2    ###....
 Static Discharge         Conj/Air       #.......     26%         3    ###....
 Airstrike                Air            ##........   52%         4    #####..
 Lightning Bolt           Conj/Air       #.........   94%         5    ######.


Dungeon Overview and Level Annotations

Branches:
Dungeon (1/15)

Altars:


Innate Abilities, Weirdness & Mutations

You cannot wear armour.
You are incapable of wielding weapons or throwing items.
Your paws allow you to move quietly. (Stealth)
You have sharp claws.
You have razor-sharp teeth.
You have supernaturally acute eyesight. (SInv)
You are carnivorous and can eat meat at any time.
You cover ground quickly.
You are covered in fur. (AC +1)
You have a slow metabolism.
Your sharp claws are effective at attacking unaware monsters.


Message History

A rat is nearby!
A rat is nearby!
Aim: a rat (hasn't noticed you)
The zap hits the rat.
Aim: a rat (severely wounded)
The zap misses the rat.
The rat closely misses you.
Aim: a rat (severely wounded)
The zap hits the rat.
You kill the rat!
Your Conjurations skill increases to level 1!
A goblin comes into view. It is wielding a +0 dagger.
A goblin is nearby!
You miscast Shock.
You are very lightly contaminated with residual magic.
You smell something strange.
The goblin shouts!
You hear a bark! x3
You don't have enough magic to cast that spell.
A jackal comes into view.
You see here a rat corpse.
You scratch the goblin.
You kill the goblin!
The jackal closely misses you.
A jackal comes into view.
Things that are here:
a +0 dagger; a goblin corpse You scratch the jackal.
The jackal misses you.
A jackal comes into view.
The jackal bites you.
You barely miss the jackal. The jackal misses you.
You barely miss the jackal. The jackal barely misses you.
You see here a rat corpse.
The zap hits the jackal.
You kill the jackal!
The zap hits the jackal.
The zap hits the jackal but does no damage.
The zap hits the jackal. x2
You scratch the jackal but do no damage.
The jackal bites you.
* * * LOW HITPOINT WARNING * * *
You barely miss the jackal. The jackal closely misses you.
The jackal barely misses you.
You closely miss the jackal. You bite the jackal. The jackal bites you.
* * * LOW HITPOINT WARNING * * *
You don't have enough magic to cast that spell.
You scratch the jackal but do no damage.
The jackal barely misses you. The jackal misses you.
A jackal comes into view.
You see here a +0 club.
The jackal bites you.
You die...

### #### #.. ..# ###
#.# #.# ##.## # #.#
#.#######.#.###### #.#
#..........>......
#######.#
#.#######...######
..>.....#####.# ##.## #
######.......########.#
#........h.h@......##.#
#.#####g##########.##.#
#g.)†........ ..#
#.###.####### ... ..
...# ### #. h.... ..
....### ## ##.## #.#


You could see 2 jackals and a goblin.

Vanquished Creatures
  2 hobgoblins (D:1)
  A jackal (D:1)
  2 goblins (D:1)
  A rat (D:1)
6 creatures vanquished.

Notes
Turn   | Place    | Note
-------+----------+-------------------------------------------
     0 | D:1      | vurker the Felid Air Elementalist began the quest for the
                  | Orb.
     0 | D:1      | Reached XP level 1. HP: 7/7 MP: 4/4
   214 | D:1      | Reached skill level 1 in Conjurations
   236 | D:1      | Slain by a jackal

Levels and vault maps discovered:
D:1:      noname_arrival_rooms_in_the_neighbourhood, layout_loops_ring

Skill      XL: |  1 |
---------------+----+-----
Conjurations   | 1 |  1.0
Fighting       | |  0.2
Dodging        | |  2.6
Stealth        | |  2.6
Spellcasting   | |  2.1
Air Magic      | |  2.8

Action                   || total
-------------------------++-------
Melee: Unarmed           ||     9
       Bite              ||     1
 Cast: Shock             ||    13
  Eat: Chunk             ||     1
Dodge: Dodged            ||     9

Table legend:
 A = Non-vault XP
 B = Vault XP
 C = Vault XP percentage of total XP
 D = Non-vault monster count
 E = Vault monster count
 F = Vault count percentage of total count
                 A         B        C        D         E       F
            +---------+---------+-------+---------+---------+-------
      Total |       9 |       0 |   0.0 |       6 |       0 |   0.0
            +---------+---------+-------+---------+---------+-------
        D:1 |       9 |       0 |   0.0 |       6 |       0 |   0.0
            +---------+---------+-------+---------+---------+-------
